[Event "European Womens-ch 2025"]
[Site "Rhodes"]
[Date "2025.04.05"]
[Round "6.60"]
[White "Zvereva, Marija"]
[Black "Kalyva, Kyriaki"]
[Result "1/2-1/2"]
[Annotator "NA"]
[ECO "B30"]
[WhiteElo "2033"]
[BlackElo "1885"]
[PlyCount "174"]
[EventDate "2025.03.29"]
[EventType "swiss"]
[EventCountry "GRE"]
[SourceTitle "playchess.com"]
[Source "ChessBase"]
[SourceQuality "1"]
[TimeControl "40/5400+30:1800+30"]

1. e4 c5 2. Nf3 Nc6 3. Bb5 e6 4. Bxc6 bxc6 5. O-O Ne7 6. Nc3 Ng6 7. e5 Be7 8. Ne4 O-O 9. d4 Ba6 10. Re1 cxd4 11. Qxd4 Qb6 12. Rd1 Be2 13. Qxb6 axb6 14. Rxd7 Rad8 15. Rxd8 Rxd8 16. Be3 Bxf3 17. gxf3 Nxe5 18. Bxb6 Rb8 19. Bc7 Nxf3+ 20. Kg2 Nh4+ 21. Kf1 Rb7 22. Be5 Nf3 23. Bc3 f5 24. Ng3 Bf6 25. Bxf6 gxf6 26. b3 Kf7 27. h3 Ke7 28. Ke2 Nd4+ 29. Kd3 Rd7 30. Kc3 Nb5+ 31. Kb4 f4 32. Nf1 Nd4 33. Kc3 Kd8 34. a4 Kc7 35. b4 Kb6 36. Kb2 Nf3 37. Ra3 Ne5 38. Kc1 Rg7 39. Kd1 Rd7+ 40. Ke1 Rd4 41. Rb3 Nc4 42. Ke2 Rd5 43. Rc3 Rd4 44. f3 h5 45. Rd3 Rxd3 46. Kxd3 Nb2+ 47. Kc3 Nd1+ 48. Kc4 e5 49. a5+ Kb7 50. Kc5 Ne3 51. Nd2 Nxc2 52. Ne4 Nd4 53. Nxf6 Nxf3 54. Kd6 Nd2 55. Kxe5 f3 56. Nxh5 c5 57. bxc5 Nc4+ 58. Kd5 Nxa5 59. Ng3 Kc7 60. h4 Kd7 61. h5 Nc6 62. h6 Ne7+ 63. Ke5 Ng6+ 64. Kf6 Nf8 65. Kf7 Nh7 66. Kg7 Ng5 67. Kg6 Ne6 68. Kf6 Nf8 69. Ne4 Kc6 70. Kg7 Ne6+ 71. Kg8 Ng5 72. Nxg5 f2 73. h7 f1=Q 74. h8=Q Qc4+ 75. Nf7 Kxc5 76. Qf6 Qg4+ 77. Ng5 Qc8+ 78. Kg7 Qb7+ 79. Kg6 Qb1+ 80. Kg7 Qb7+ 81. Nf7 Qg2+ 82. Kf8 Qa8+ 83. Nd8 Qe4 84. Ne6+ Kc4 85. Qf1+ Kd5 86. Nc7+ Kc6 87. Qc1+ Kd7 1/2-1/2

[Event "European Womens-ch 2025"]
[Site "Rhodes"]
[Date "2025.04.05"]
[Round "6.61"]
[White "Bhatia, Kanishka"]
[Black "Hariharan, Shambavi"]
[Result "1-0"]
[Annotator "NA"]
[ECO "D35"]
[WhiteElo "2012"]
[BlackElo "2024"]
[PlyCount "69"]
[EventDate "2025.03.29"]
[EventType "swiss"]
[EventCountry "GRE"]
[SourceTitle "playchess.com"]
[Source "ChessBase"]
[SourceQuality "1"]
[TimeControl "40/5400+30:1800+30"]

1. d4 d5 2. c4 e6 3. Nc3 Nf6 4. Bg5 Bb4 5. cxd5 exd5 6. e3 h6 7. Bh4 g5 8. Bg3 Ne4 9. Qc2 h5 10. f3 Nxg3 11. hxg3 Qe7 12. Kf2 Bxc3 13. bxc3 c5 14. Re1 Be6 15. e4 Qd6 16. c4 dxc4 17. d5 Bd7 18. Qc3 Rh6 19. Bxc4 b5 20. e5 Qa6 21. e6 Bxe6 22. Qg7 Rg6 23. Rxe6+ fxe6 24. Qxg6+ Kd8 25. Qg8+ Kc7 26. Qf7+ Nd7 27. dxe6 bxc4 28. Qxd7+ Kb6 29. Qd6+ Kb5 30. Qxa6+ Kxa6 31. f4 gxf4 32. gxf4 Rf8 33. Kf3 Rf6 34. Rxh5 Rxe6 35. Rxc5 1-0

[Event "European Womens-ch 2025"]
[Site "Rhodes"]
[Date "2025.04.05"]
[Round "6.62"]
[White "Subramanian, Anusha"]
[Black "Bania, Eleni"]
[Result "1-0"]
[Annotator "NA"]
[ECO "B40"]
[WhiteElo "2026"]
[BlackElo "1809"]
[PlyCount "105"]
[EventDate "2025.03.29"]
[EventType "swiss"]
[EventCountry "GRE"]
[SourceTitle "playchess.com"]
[Source "ChessBase"]
[SourceQuality "1"]
[TimeControl "40/5400+30:1800+30"]

1. e4 c5 2. Nf3 e6 3. g3 d5 4. exd5 exd5 5. Bg2 Nf6 6. O-O Be7 7. d4 c4 8. b3 cxb3 9. axb3 O-O 10. Ne5 Nc6 11. Bb2 Bf5 12. Nd2 a6 13. Ndf3 Rc8 14. c3 h6 15. Re1 Re8 16. Nh4 Bh7 17. Bh3 Rc7 18. Bf5 Bd6 19. f4 Bxf5 20. Nxf5 Ne7 21. Ne3 Ne4 22. c4 Bb4 23. Rf1 f6 24. Nf3 Qd7 25. Qd3 f5 26. Ne5 Qe6 27. c5 g6 28. Nc2 a5 29. Nxb4 axb4 30. Ra4 Nc6 31. Re1 Kg7 32. Qb5 Nd2 33. Qd3 Ne4 34. Qe2 Rb8 35. Nc4 Qf6 36. Ne5 Qe6 37. Kh1 Kh7 38. Kg2 Re7 39. h3 Qf6 40. h4 Qe6 41. Rf1 Rg7 42. Raa1 Re7 43. Rf3 Ree8 44. Qb5 Rg8 45. Re3 Rge8 46. Ra4 Rg8 47. Qb6 Qc8 48. Re1 Rg7 49. Nd3 Nd2 50. Nxb4 Qg8 51. Nd3 Ne4 52. Ne5 Qc8 53. b4 1-0

[Event "European Womens-ch 2025"]
[Site "Rhodes"]
[Date "2025.04.05"]
[Round "6.63"]
[White "Recica, Jona"]
[Black "Karadas, Hena"]
[Result "1-0"]
[Annotator "NA"]
[ECO "B33"]
[WhiteElo "1716"]
[BlackElo "1931"]
[PlyCount "83"]
[EventDate "2025.03.29"]
[EventType "swiss"]
[EventCountry "GRE"]
[SourceTitle "playchess.com"]
[Source "ChessBase"]
[SourceQuality "1"]
[TimeControl "40/5400+30:1800+30"]

1. e4 c5 2. Nf3 Nc6 3. d4 cxd4 4. Nxd4 Nf6 5. Nc3 e5 6. Ndb5 d6 7. Bg5 a6 8. Na3 b5 9. Nd5 Be7 10. Bxf6 Bxf6 11. c3 Ne7 12. Nxf6+ gxf6 13. Qe2 Bb7 14. h4 h5 15. O-O-O Qc7 16. Kb1 O-O-O 17. Rc1 Kb8 18. f3 f5 19. exf5 Nxf5 20. Qf2 d5 21. Nc2 Nd6 22. Be2 f5 23. Rhe1 f4 24. g3 Rhf8 25. Rcd1 Ka8 26. Bf1 Nc8 27. gxf4 Rxf4 28. Qg3 Rdf8 29. Bg2 Nb6 30. Nb4 Qh7+ 31. Ka1 e4 32. fxe4 Rg4 33. Qd6 Rf2 34. Qxb6 Rgxg2 35. exd5 Qf7 36. Qd8+ Ka7 37. Nc6+ Bxc6 38. dxc6 Rxb2 39. Rd7+ Qxd7 40. Qxd7+ Kb6 41. Qb7+ Kc5 42. Qxa6 1-0

[Event "European Womens-ch 2025"]
[Site "Rhodes"]
[Date "2025.04.05"]
[Round "6.64"]
[White "Mitraka, Chrysoula-Paraskevi"]
[Black "Saraci, Ndriqona"]
[Result "1-0"]
[Annotator "NA"]
[ECO "D36"]
[WhiteElo "1820"]
[BlackElo "1692"]
[PlyCount "63"]
[EventDate "2025.03.29"]
[EventType "swiss"]
[EventCountry "GRE"]
[SourceTitle "playchess.com"]
[Source "ChessBase"]
[SourceQuality "1"]
[TimeControl "40/5400+30:1800+30"]

1. d4 Nf6 2. c4 e6 3. Nc3 d5 4. cxd5 exd5 5. Bg5 c6 6. Qc2 Be7 7. e3 Nbd7 8. Bd3 Nh5 9. Bxe7 Qxe7 10. Nge2 g6 11. Rb1 Nb6 12. b4 Ng7 13. Ng3 a6 14. a4 Be6 15. Qe2 O-O 16. O-O h5 17. a5 Nd7 18. e4 h4 19. Nh1 h3 20. Ng3 hxg2 21. Kxg2 dxe4 22. Bxe4 Qh4 23. Kg1 Bh3 24. Bg2 Bxg2 25. Kxg2 Qxd4 26. Nce4 Qe5 27. Rbd1 Qc7 28. Rxd7 Qc8 29. Nf6+ Kh8 30. Qe3 Nf5 31. Nxf5 g5 32. Qh3# 1-0

[Event "European Womens-ch 2025"]
[Site "Rhodes"]
[Date "2025.04.05"]
[Round "6.66"]
[White "Silva, Ana Ines Teixeira Da"]
[Black "Korinioti, Myrto"]
[Result "1-0"]
[Annotator "NA"]
[ECO "B22"]
[WhiteElo "1893"]
[BlackElo "1667"]
[PlyCount "79"]
[EventDate "2025.03.29"]
[EventType "swiss"]
[EventCountry "GRE"]
[SourceTitle "playchess.com"]
[Source "ChessBase"]
[SourceQuality "1"]
[TimeControl "40/5400+30:1800+30"]

1. e4 c5 2. Nf3 Nc6 3. c3 Nf6 4. e5 Nd5 5. Bc4 Nb6 6. Bb3 d5 7. exd6 c4 8. Bc2 Qxd6 9. O-O Bg4 10. h3 Bh5 11. Re1 O-O-O 12. b3 Qf6 13. Be4 Re8 14. Na3 Bxf3 15. Qxf3 Qxf3 16. Bxf3 Na5 17. Nb5 e5 18. Nxa7+ Kb8 19. b4 Kxa7 20. bxa5 Nd7 21. Bd5 Rc8 22. Re4 Rc5 23. Bxf7 Rxa5 24. Rxc4 Nb6 25. Rg4 h5 26. Rh4 Nd7 27. Rxh5 Rxh5 28. Bxh5 e4 29. Bg6 Nc5 30. d3 exd3 31. Be3 d2 32. Bxd2 Nb3 33. Be3+ Kb8 34. Rd1 Ra4 35. a3 Rxa3 36. Rd4 Ra2 37. Rd8+ Kc7 38. Rxf8 Ra1+ 39. Kh2 Kd6 40. Rf7 1-0

[Event "European Womens-ch 2025"]
[Site "Rhodes"]
[Date "2025.04.05"]
[Round "6.67"]
[White "Revelioti, Eleni Nefeli"]
[Black "Lamprianou, Marianna"]
[Result "1/2-1/2"]
[Annotator "NA"]
[ECO "C50"]
[WhiteElo "1470"]
[BlackElo "1498"]
[PlyCount "35"]
[EventDate "2025.03.29"]
[EventType "swiss"]
[EventCountry "GRE"]
[SourceTitle "playchess.com"]
[Source "ChessBase"]
[SourceQuality "1"]
[TimeControl "40/5400+30:1800+30"]

1. e4 e5 2. Nf3 Nc6 3. Bc4 Bc5 4. Nc3 Nf6 5. d3 h6 6. Be3 Bb6 7. O-O d6 8. h3 O-O 9. Re1 Be6 10. Bb3 Re8 11. Bxb6 axb6 12. d4 Bxb3 13. cxb3 exd4 14. Nxd4 Ne7 15. Re3 Ng6 16. Qe2 Ra5 17. Nf5 Rae5 18. Re1 1/2-1/2